[Event "72nd RUS-ch Higher League 2019"]
[Site "Yaroslavl"]
[Date "2019.07.04"]
[Round "7.26"]
[White "Bykov, Oleg"]
[Black "Bigaliev, Renat"]
[Result "1/2-1/2"]
[ECO "D20"]
[WhiteElo "2401"]
[BlackElo "2427"]
[Annotator "NA"]
[PlyCount "117"]
[EventDate "2019.06.27"]
[EventType "swiss"]
[EventCountry "RUS"]
[SourceTitle "playchess.com"]
[Source "ChessBase"]
[SourceQuality "1"]
[TimeControl "40/5400+30:1800+30"]

1. d4 d5 2. c4 dxc4 3. e4 e5 4. Nf3 exd4 5. Bxc4 Bb4+ 6. Nbd2 Nc6 7. O-O Nf6 8. e5 Nd5 9. Nb3 Nb6 10. Bb5 Bd7 11. Nbxd4 Nxd4 12. Nxd4 Bxb5 13. Nxb5 a6 14. Qg4 axb5 15. Qxb4 Qd7 16. b3 Nd5 17. Qd4 Ne7 18. Qc3 Qc6 19. Qg3 Qg6 20. Qf3 c6 21. a4 Nd5 22. Ba3 b4 23. Bb2 O-O 24. Rac1 Qe6 25. Rc4 b6 26. Qe4 Rfe8 27. Re1 c5 28. h3 Red8 29. g4 Ne7 30. f4 Qd5 31. e6 f6 32. Kf2 Qxe4 33. Rcxe4 Rd5 34. h4 h6 35. Rg1 Rd2+ 36. Re2 Rd3 37. Re3 Rd2+ 38. Re2 Rad8 39. g5 fxg5 40. hxg5 h5 41. Be5 Rxe2+ 42. Kxe2 Nf5 43. g6 Nd4+ 44. Bxd4 Rxd4 45. Ke3 Kf8 46. Rg5 Rd6 47. Re5 Ke7 48. f5 h4 49. a5 h3 50. f6+ gxf6 51. g7 Rd8 52. Rh5 Rg8 53. axb6 Rxg7 54. b7 Rg8 55. Rxh3 Kxe6 56. Kd3 Kd5 57. Rf3 Kc6 58. Rxf6+ Kxb7 59. Kc4 1/2-1/2

[Event "72nd RUS-ch Higher League 2019"]
[Site "Yaroslavl"]
[Date "2019.07.04"]
[Round "7.28"]
[White "Lesovoi, Evgenij"]
[Black "Rychkov, Oleg"]
[Result "0-1"]
[ECO "D30"]
[WhiteElo "2366"]
[BlackElo "2409"]
[Annotator "NA"]
[PlyCount "90"]
[EventDate "2019.06.27"]
[EventType "swiss"]
[EventCountry "RUS"]
[SourceTitle "playchess.com"]
[Source "ChessBase"]
[SourceQuality "1"]
[TimeControl "40/5400+30:1800+30"]

1. d4 d5 2. c4 e6 3. Nf3 a6 4. e3 Nf6 5. Nbd2 c5 6. b3 cxd4 7. exd4 Nc6 8. Bb2 Bd6 9. Bd3 O-O 10. O-O b6 11. Rc1 Bb7 12. Qe2 Bf4 13. Rfd1 Re8 14. a3 dxc4 15. bxc4 Qc7 16. Rb1 e5 17. d5 Nd4 18. Bxd4 exd4 19. Qf1 b5 20. cxb5 Nxd5 21. bxa6 Bc6 22. Re1 Red8 23. Bc4 d3 24. Ne4 Nc3 25. Bxd3 Nxb1 26. Bxb1 Qa5 27. Qc4 Bd5 28. Qc2 Kf8 29. g3 Rac8 30. Qb2 Bd6 31. Re3 Bxe4 32. Bxe4 Bc5 33. Re2 Re8 34. Bb7 Rxe2 35. Qxe2 Re8 36. Qc2 h6 37. a4 Qb4 38. Qf5 g6 39. Qf6 Re2 40. Bd5 Qb1+ 41. Kg2 Rxf2+ 42. Kh3 Qf1+ 43. Kg4 h5+ 44. Kf4 Qc1+ 45. Ke4 Qe3# {[%emt 0:00:05] Kd4} 0-1

[Event "72nd RUS-ch Higher League 2019"]
[Site "Yaroslavl"]
[Date "2019.07.04"]
[Round "7.29"]
[White "Kanter, Eduard"]
[Black "Ibadov, Dashgyn"]
[Result "1-0"]
[ECO "D07"]
[WhiteElo "2392"]
[BlackElo "2298"]
[Annotator "NA"]
[PlyCount "113"]
[EventDate "2019.06.27"]
[EventType "swiss"]
[EventCountry "RUS"]
[SourceTitle "playchess.com"]
[Source "ChessBase"]
[SourceQuality "1"]
[TimeControl "40/5400+30:1800+30"]

1. d4 d5 2. c4 Nc6 3. Nc3 dxc4 4. Nf3 Nf6 5. h3 Nd5 6. e4 Nb6 7. d5 Nb4 8. a3 Nd3+ 9. Bxd3 cxd3 10. Bg5 f6 11. Bf4 e6 12. O-O Bd6 13. Bxd6 cxd6 14. dxe6 Bxe6 15. Nd4 Bc4 16. Nd5 Kf7 17. b3 Bxd5 18. exd5 Re8 19. Qxd3 Kg8 20. Ne6 Qd7 21. Rfe1 Qf7 22. Re3 Nd7 23. Rae1 Rac8 24. Qd4 a6 25. f4 Rc2 26. Rg3 g6 27. Rc3 Rxc3 28. Qxc3 f5 29. Qc7 Nc5 30. Qxd6 Ne4 31. Qe5 Nc5 32. Re3 Ne4 33. Kh2 Qd7 34. Re2 Rc8 35. Ng5 Re8 36. Ne6 Rc8 37. b4 h6 38. Re3 Kh7 39. Qd4 Qe7 40. Nc5 Qd6 41. Qe5 Rd8 42. Qxd6 Rxd6 43. Nxe4 fxe4 44. Rxe4 Kg7 45. Re7+ Kf6 46. Re6+ Rxe6 47. dxe6 Kxe6 48. Kg3 Kd5 49. Kf3 h5 50. g4 h4 51. f5 g5 52. Ke3 Ke5 53. a4 b6 54. b5 a5 55. Kd3 Kd5 56. Kc3 Kc5 57. f6 1-0

[Event "72nd RUS-ch Higher League 2019"]
[Site "Yaroslavl"]
[Date "2019.07.05"]
[Round "8.1"]
[White "Sarana, Alexey"]
[Black "Alekseenko, Kirill"]
[Result "1/2-1/2"]
[ECO "D37"]
[WhiteElo "2641"]
[BlackElo "2650"]
[Annotator "RC"]
[PlyCount "80"]
[EventDate "2019.06.27"]
[EventType "swiss"]
[EventCountry "RUS"]
[SourceTitle "playchess.com"]
[Source "ChessBase"]
[SourceQuality "1"]
[TimeControl "40/5400+30:1800+30"]

1. d4 Nf6 2. c4 e6 3. Nf3 d5 4. Nc3 dxc4 5. e4 b5 6. e5 Nd5 7. Nxb5 Nb6 8. Be2 Nc6 9. O-O Be7 10. Be3 O-O 11. Rc1 Rb8 12. Nc3 Nb4 13. Qd2 Bb7 14. b3 cxb3 15. axb3 N6d5 16. Nxd5 Bxd5 17. Ra1 a6 18. Bc4 Rb6 19. Qe2 Qa8 20. Rfc1 Rd8 21. Bd2 Bxf3 22. Qxf3 Qxf3 23. gxf3 Nc6 24. Be3 Nxd4 25. Bxd4 Rxd4 26. Bxa6 c5 27. Bc4 g6 28. Rd1 Bg5 29. Rxd4 cxd4 30. Rd1 Bf4 31. Rxd4 Bxe5 32. Rd7 Rc6 33. Kg2 Kg7 34. h3 Kf6 35. Kf1 Rc5 36. Rd2 Ra5 37. Kg2 Ra1 38. Re2 Rb1 39. Re4 g5 40. Re2 h6 1/2-1/2

[Event "72nd RUS-ch Higher League 2019"]
[Site "Yaroslavl"]
[Date "2019.07.05"]
[Round "8.7"]
[White "Pridorozhni, Aleksei"]
[Black "Rakhmanov, Aleksandr"]
[Result "1/2-1/2"]
[ECO "C43"]
[WhiteElo "2588"]
[BlackElo "2615"]
[Annotator "RC"]
[PlyCount "64"]
[EventDate "2019.06.27"]
[EventType "swiss"]
[EventCountry "RUS"]
[SourceTitle "playchess.com"]
[Source "ChessBase"]
[SourceQuality "1"]
[TimeControl "40/5400+30:1800+30"]

1. e4 e5 2. Nf3 Nf6 3. d4 Nxe4 4. dxe5 d5 5. Nbd2 Nxd2 6. Bxd2 c5 7. c4 Nc6 8. Bg5 Qa5+ 9. Bd2 Qd8 10. Bg5 Be7 11. h4 h6 12. cxd5 hxg5 13. dxc6 Qxd1+ 14. Rxd1 bxc6 15. h5 Be6 16. b3 Bd5 17. Bc4 g4 18. Bxd5 cxd5 19. Ng1 d4 20. f3 gxf3 21. Nxf3 a5 22. a4 Ra6 23. g4 g6 24. Kd2 gxh5 25. Rxh5 Rg8 26. g5 Rag6 27. Rg1 Kd7 28. Kd3 Rb8 29. Nd2 Rbg8 30. Nf3 Rb8 31. Nd2 Rbg8 32. Nf3 Rb8 1/2-1/2

[Event "72nd RUS-ch Higher League 2019"]
[Site "Yaroslavl"]
[Date "2019.07.05"]
[Round "8.11"]
[White "Kobalia, Mikhail"]
[Black "Iljiushenok, Ilia"]
[Result "1/2-1/2"]
[ECO "B51"]
[WhiteElo "2608"]
[BlackElo "2549"]
[Annotator "RC"]
[PlyCount "96"]
[EventDate "2019.06.27"]
[EventType "swiss"]
[EventCountry "RUS"]
[SourceTitle "playchess.com"]
[Source "ChessBase"]
[SourceQuality "1"]
[TimeControl "40/5400+30:1800+30"]

1. e4 c5 2. Nf3 d6 3. Bb5+ Nd7 4. O-O a6 5. Bd3 Ngf6 6. c3 b5 7. Bc2 Bb7 8. Qe2 e6 9. d4 Be7 10. Re1 Qc7 11. Bd3 O-O 12. Nbd2 Rfe8 13. Nf1 Bc6 14. Ng3 Qb7 15. Ng5 Nf8 16. e5 dxe5 17. dxe5 N6d7 18. Qh5 Bxg5 19. Qxg5 Ng6 20. Bxg6 fxg6 21. f3 c4 22. Be3 h6 23. Qf4 g5 24. Qd4 Bd5 25. Rad1 Qc7 26. Nh5 Qxe5 27. Qg4 Nf6 28. Qh3 Nxh5 29. Qxh5 Qf6 30. Rd4 Qf7 31. Qg4 Rad8 32. Qg3 e5 33. Rd2 e4 34. f4 gxf4 35. Bxf4 Kh7 36. Red1 Qe6 37. Be3 Rd7 38. h3 Rf8 39. Rf2 Rxf2 40. Qxf2 Rf7 41. Qh4 Qe5 42. Bd4 Qf5 43. Be3 Rf6 44. Kh2 Bc6 45. Kg1 Qe5 46. Rf1 Rg6 47. Rf8 Qd6 48. Qd8 Qxd8 1/2-1/2

[Event "72nd RUS-ch Higher League 2019"]
[Site "Yaroslavl"]
[Date "2019.07.05"]
[Round "8.12"]
[White "Salemgareev, Tagir"]
[Black "Romanov, Evgeny"]
[Result "1/2-1/2"]
[ECO "A50"]
[WhiteElo "2412"]
[BlackElo "2577"]
[Annotator "ChessBase"]
[PlyCount "84"]
[EventDate "2019.06.27"]
[EventType "swiss"]
[EventCountry "RUS"]
[SourceTitle "playchess.com"]
[Source "ChessBase"]
[SourceQuality "1"]
[TimeControl "40/5400+30:1800+30"]

1. d4 Nf6 2. c4 b6 3. f3 Bb7 4. e4 e6 5. Bd3 d5 6. cxd5 exd5 7. e5 Nfd7 8. f4 c5 9. Nf3 Nc6 10. O-O Be7 11. a3 Nxd4 12. Nxd4 cxd4 13. b4 a5 14. Bb2 axb4 15. axb4 Rxa1 16. Bxa1 Bxb4 17. Bf5 Be7 18. Qa4 Qc7 19. Bxd4 Qc6 20. Qxc6 Bxc6 21. Nc3 Nc5 22. Rb1 Bd8 23. Bg4 O-O 24. f5 Bc7 25. Bf3 Rd8 26. Nb5 Bxb5 27. Rxb5 g6 28. g4 Nd3 29. Rxd5 Rxd5 30. Bxd5 Nxe5 31. Bxe5 Bxe5 32. fxg6 hxg6 33. Kg2 Kg7 34. g5 b5 35. h4 b4 36. Kf3 f5 37. gxf6+ Kxf6 38. Kg4 Bc3 39. Bb3 Bd2 40. Bc2 Bh6 41. Bb1 b3 42. Bd3 b2 1/2-1/2

[Event "72nd RUS-ch Higher League 2019"]
[Site "Yaroslavl"]
[Date "2019.07.05"]
[Round "8.13"]
[White "Petrov, Nikita"]
[Black "Frolyanov, Dmitry"]
[Result "1-0"]
[ECO "A13"]
[WhiteElo "2610"]
[BlackElo "2538"]
[Annotator "RC"]
[PlyCount "119"]
[EventDate "2019.06.27"]
[EventType "swiss"]
[EventCountry "RUS"]
[SourceTitle "playchess.com"]
[Source "ChessBase"]
[SourceQuality "1"]
[TimeControl "40/5400+30:1800+30"]

1. c4 e6 2. Nf3 d5 3. g3 Nf6 4. Bg2 dxc4 5. Qa4+ c6 6. Qxc4 b5 7. Qb3 Bb7 8. O-O Nbd7 9. d4 Be7 10. Rd1 O-O 11. Ne5 Qc7 12. Nxd7 Nxd7 13. Nc3 b4 14. Bf4 Qb6 15. Na4 Qb5 16. Rac1 Rac8 17. Nc3 Qb6 18. Ne4 c5 19. Nd6 Bxd6 20. Bxd6 Qxd6 21. Bxb7 Rb8 22. dxc5 Nxc5 23. Rxd6 Nxb3 24. Rc7 Nc1 25. Bf3 Nxa2 26. Ra6 b3 27. Raxa7 Nb4 28. Rab7 Rxb7 29. Rxb7 Nc2 30. Rxb3 Nd4 31. Rd3 e5 32. Kg2 Rb8 33. Rd2 Nxf3 34. Kxf3 f5 35. e3 Kf7 36. Ke2 Kf6 37. Kd1 f4 38. exf4 exf4 39. Kc2 fxg3 40. fxg3 Rc8+ 41. Kb1 Rb8 42. Rd3 Ke6 43. b3 g5 44. Kc2 Rc8+ 45. Rc3 Rf8 46. Kb2 Kd7 47. h3 h5 48. b4 Rf2+ 49. Kb3 g4 50. hxg4 hxg4 51. b5 Rf1 52. Kb4 Rf3 53. b6 Rf6 54. Ka5 Rf5+ 55. Ka6 Rf3 56. Rc7+ Kd6 57. Rc4 Rxg3 58. Ra4 Kc6 59. b7 Rb3 60. Rc4+ 1-0

[Event "72nd RUS-ch Higher League 2019"]
[Site "Yaroslavl"]
[Date "2019.07.05"]
[Round "8.14"]
[White "Lysyj, Igor"]
[Black "Drygalov, Andrey"]
[Result "1/2-1/2"]
[ECO "D85"]
[WhiteElo "2623"]
[BlackElo "2494"]
[Annotator "RC"]
[PlyCount "48"]
[EventDate "2019.06.27"]
[EventType "swiss"]
[EventCountry "RUS"]
[SourceTitle "playchess.com"]
[Source "ChessBase"]
[SourceQuality "1"]
[TimeControl "40/5400+30:1800+30"]

1. d4 Nf6 2. c4 g6 3. Nc3 d5 4. cxd5 Nxd5 5. e4 Nxc3 6. bxc3 Bg7 7. Bg5 c5 8. Rc1 O-O 9. Nf3 Bg4 10. d5 Qd6 11. Be2 Bxf3 12. Bxf3 b5 13. O-O Nd7 14. Qd2 c4 15. Qe3 Nc5 16. Be2 e5 17. dxe6 Nxe6 18. Rfd1 Qa3 19. Bh4 Rfe8 20. Rd5 Nc7 21. Rd7 Ne6 22. Rd5 Nc7 23. Rd7 Ne6 24. Rd5 Nc7 1/2-1/2

[Event "72nd RUS-ch Higher League 2019"]
[Site "Yaroslavl"]
[Date "2019.07.05"]
[Round "8.15"]
[White "Yanchenko, Roman"]
[Black "Timofeev, Artyom"]
[Result "1/2-1/2"]
[ECO "D30"]
[WhiteElo "2478"]
[BlackElo "2608"]
[Annotator "RC"]
[PlyCount "57"]
[EventDate "2019.06.27"]
[EventType "swiss"]
[EventCountry "RUS"]
[SourceTitle "playchess.com"]
[Source "ChessBase"]
[SourceQuality "1"]
[TimeControl "40/5400+30:1800+30"]

1. d4 d5 2. Nf3 e6 3. c4 c6 4. e3 Nf6 5. Nbd2 Be7 6. Bd3 Nbd7 7. O-O O-O 8. b3 b6 9. cxd5 cxd5 10. Bb2 Bb7 11. Ne5 Ne4 12. Nxe4 dxe4 13. Bb5 Nxe5 14. dxe5 a6 15. Be2 Bd5 16. Rc1 b5 17. Rc2 Qd7 18. Qd2 Rac8 19. Rxc8 Rxc8 20. Rc1 h6 21. Rxc8+ Qxc8 22. Qc3 Qb7 23. g3 Kf8 24. h4 Ke8 25. Qa5 Bd8 26. Qb4 Be7 27. Qa5 Bd8 28. Qb4 Be7 29. Qa5 1/2-1/2

[Event "72nd RUS-ch Higher League 2019"]
[Site "Yaroslavl"]
[Date "2019.07.05"]
[Round "8.16"]
[White "Vlasenko, Miroslav"]
[Black "Popov, Ivan"]
[Result "0-1"]
[ECO "E23"]
[WhiteElo "2417"]
[BlackElo "2599"]
[Annotator "ChessBase"]
[PlyCount "74"]
[EventDate "2019.06.27"]
[EventType "swiss"]
[EventCountry "RUS"]
[SourceTitle "playchess.com"]
[Source "ChessBase"]
[SourceQuality "1"]
[TimeControl "40/5400+30:1800+30"]

1. d4 Nf6 2. c4 e6 3. Nc3 Bb4 4. Qb3 c5 5. dxc5 Nc6 6. Nf3 Ne4 7. Bd2 Nxd2 8. Nxd2 Bxc5 9. g3 b6 10. Bg2 Bb7 11. O-O O-O 12. e3 f5 13. Qa4 Qe7 14. a3 a6 15. Rfd1 Rfc8 16. Nf3 Bd6 17. Rac1 Na5 18. c5 Rxc5 19. b4 b5 20. bxc5 bxa4 21. cxd6 Qd8 22. Nxa4 Rc8 23. Ne5 Bxg2 24. Kxg2 Rxc1 25. Rxc1 Nb7 26. Rc7 Nxd6 27. Rxd7 Qa5 28. Nc5 Nc4 29. Ned3 Qb6 30. Re7 g5 31. Rxe6 Qb1 32. g4 Nd2 33. gxf5 Qf1+ 34. Kg3 Qg1+ 35. Kh3 Nf3 36. Ne5 Qxh2+ 37. Kg4 Qg2+ 0-1

[Event "72nd RUS-ch Higher League 2019"]
[Site "Yaroslavl"]
[Date "2019.07.05"]
[Round "8.17"]
[White "Bocharov, Ivan"]
[Black "Murzin, Volodar"]
[Result "1/2-1/2"]
[ECO "E92"]
[WhiteElo "2559"]
[BlackElo "2418"]
[Annotator "ChessBase"]
[PlyCount "62"]
[EventDate "2019.06.27"]
[EventType "swiss"]
[EventCountry "RUS"]
[SourceTitle "playchess.com"]
[Source "ChessBase"]
[SourceQuality "1"]
[TimeControl "40/5400+30:1800+30"]

1. c4 Nf6 2. Nc3 g6 3. d4 Bg7 4. e4 O-O 5. Nf3 d6 6. Be2 e5 7. d5 a5 8. O-O Na6 9. Bg5 h6 10. Bh4 Qe8 11. Nd2 Nh7 12. a3 Bd7 13. b3 h5 14. f3 Bh6 15. Rb1 Be3+ 16. Kh1 Bc5 17. Qc1 Qb8 18. Na2 f5 19. exf5 Bxf5 20. Ne4 Bxe4 21. fxe4 Rxf1+ 22. Qxf1 Qf8 23. Qxf8+ Rxf8 24. b4 axb4 25. axb4 Bd4 26. Rf1 Ra8 27. Be7 Re8 28. Bh4 Ra8 29. Be7 Re8 30. Bh4 Ra8 31. Be7 Re8 1/2-1/2

[Event "72nd RUS-ch Higher League 2019"]
[Site "Yaroslavl"]
[Date "2019.07.05"]
[Round "8.18"]
[White "Lomasov, Semyon"]
[Black "Nesterov, Arseniy"]
[Result "1/2-1/2"]
[ECO "C42"]
[WhiteElo "2542"]
[BlackElo "2423"]
[Annotator "ChessBase"]
[PlyCount "73"]
[EventDate "2019.06.27"]
[EventType "swiss"]
[EventCountry "RUS"]
[SourceTitle "playchess.com"]
[Source "ChessBase"]
[SourceQuality "1"]
[TimeControl "40/5400+30:1800+30"]

1. e4 e5 2. Nf3 Nf6 3. Nxe5 d6 4. Nf3 Nxe4 5. Nc3 Nxc3 6. dxc3 Be7 7. Be3 Nc6 8. Bd3 Be6 9. Qe2 O-O 10. O-O-O Qc8 11. Kb1 Bf5 12. h3 a5 13. a4 Ne5 14. Nxe5 dxe5 15. g4 Bxd3 16. Qxd3 Qe6 17. Qd7 Qxd7 18. Rxd7 Bd6 19. c4 Rfd8 20. Rxd8+ Rxd8 21. Rd1 Be7 22. Rd5 Rxd5 23. cxd5 g6 24. f3 f5 25. c3 Kf7 26. Kc2 Bh4 27. Kd3 Ke7 28. Kc4 Kd7 29. b4 axb4 30. cxb4 Be1 31. a5 h5 32. gxf5 gxf5 33. Bc5 Bd2 34. Kd3 Be1 35. Kc4 Bd2 36. Kb3 Be1 37. Kc4 1/2-1/2

[Event "72nd RUS-ch Higher League 2019"]
[Site "Yaroslavl"]
[Date "2019.07.05"]
[Round "8.19"]
[White "Airapetian, Gor"]
[Black "Levin, Evgeny A."]
[Result "1-0"]
[ECO "E15"]
[WhiteElo "2442"]
[BlackElo "2504"]
[Annotator "ChessBase"]
[PlyCount "81"]
[EventDate "2019.06.27"]
[EventType "swiss"]
[EventCountry "RUS"]
[SourceTitle "playchess.com"]
[Source "ChessBase"]
[SourceQuality "1"]
[TimeControl "40/5400+30:1800+30"]

1. d4 Nf6 2. c4 e6 3. Nf3 b6 4. g3 Ba6 5. b3 Bb4+ 6. Bd2 Be7 7. Nc3 Bb7 8. Bg2 O-O 9. O-O d5 10. cxd5 exd5 11. Bf4 Nbd7 12. Qc2 c6 13. Rfd1 Re8 14. Qb2 Bb4 15. Rac1 Qe7 16. Rc2 Rad8 17. Nb1 Ne4 18. a3 Bd6 19. Bxd6 Nxd6 20. e3 f6 21. Nc3 Nb8 22. Nd2 Ba6 23. Rcc1 Bd3 24. a4 a5 25. b4 axb4 26. Qxb4 Qa7 27. Qb3 Bg6 28. e4 Bf7 29. exd5 Nd7 30. Nc4 Nxc4 31. Qxc4 Rc8 32. Qb4 c5 33. dxc5 Rxc5 34. Nb5 Qa5 35. Qxa5 bxa5 36. Bh3 Rxc1 37. Rxc1 Nb6 38. d6 Kf8 39. Nd4 Rd8 40. d7 Bd5 41. Rc5 1-0

[Event "72nd RUS-ch Higher League 2019"]
[Site "Yaroslavl"]
[Date "2019.07.05"]
[Round "8.20"]
[White "Kardashevskiy, Evgeny"]
[Black "Belozerov, Andrei"]
[Result "1-0"]
[ECO "D44"]
[WhiteElo "2429"]
[BlackElo "2533"]
[Annotator "ChessBase"]
[PlyCount "109"]
[EventDate "2019.06.27"]
[EventType "swiss"]
[EventCountry "RUS"]
[SourceTitle "playchess.com"]
[Source "ChessBase"]
[SourceQuality "1"]
[TimeControl "40/5400+30:1800+30"]

1. d4 Nf6 2. Nf3 e6 3. c4 d5 4. Nc3 c6 5. Bg5 dxc4 6. e4 b5 7. e5 h6 8. Bh4 g5 9. Nxg5 hxg5 10. Bxg5 Nbd7 11. g3 Bb7 12. Bg2 Qb6 13. exf6 O-O-O 14. O-O c5 15. d5 b4 16. Na4 Qb5 17. a3 Ne5 18. Qe2 Nd3 19. dxe6 Bxg2 20. e7 Bxf1 21. Qg4+ Qd7 22. Qe4 Re8 23. Nb6+ axb6 24. axb4 Bxe7 25. Ra8+ Kc7 26. Ra7+ Kd6 27. bxc5+ Kxc5 28. Rxd7 Bd6 29. Be3+ Kb5 30. Qd5+ Bc5 31. Kxf1 Re5 32. Qxf7 Bxe3 33. fxe3 Rxe3 34. Re7 Rf3+ 35. Kg1 Kb4 36. Re8 Rxe8 37. Qxe8 b5 38. Qe7+ Kb3 39. Qa3+ Kc2 40. Qc3+ Kd1 41. b3 Ke2 42. bxc4 Rf1+ 43. Kg2 Rf2+ 44. Kh3 b4 45. Qc2+ Ke3 46. Qxf2+ Nxf2+ 47. Kg2 b3 48. f7 b2 49. f8=Q Nd1 50. Qb4 Kd3 51. Qb3+ Kd2 52. c5 Kc1 53. c6 b1=Q 54. Qxb1+ Kxb1 55. c7 1-0

[Event "72nd RUS-ch Higher League 2019"]
[Site "Yaroslavl"]
[Date "2019.07.05"]
[Round "8.21"]
[White "Rychkov, Oleg"]
[Black "Khanin, Semen"]
[Result "1/2-1/2"]
[ECO "A29"]
[WhiteElo "2409"]
[BlackElo "2529"]
[Annotator "ChessBase"]
[PlyCount "75"]
[EventDate "2019.06.27"]
[EventType "swiss"]
[EventCountry "RUS"]
[SourceTitle "playchess.com"]
[Source "ChessBase"]
[SourceQuality "1"]
[TimeControl "40/5400+30:1800+30"]

1. c4 e5 2. Nc3 Nf6 3. Nf3 Nc6 4. g3 d5 5. cxd5 Nxd5 6. Bg2 Bc5 7. O-O O-O 8. Nxd5 Qxd5 9. Ng5 Qd8 10. Nxh7 Re8 11. Ng5 Qxg5 12. Bxc6 bxc6 13. d4 Qh5 14. dxc5 Be6 15. e4 Qg6 16. Qe2 f5 17. f3 Rad8 18. b3 fxe4 19. fxe4 Rd4 20. Bb2 Rxe4 21. Qd2 Bd5 22. Rae1 Qg4 23. Qd3 Rxe1 24. Rxe1 e4 25. Qe2 Qh3 26. Qf1 Qh5 27. Qe2 Qh3 28. Qf1 Qd7 29. Qf4 Rf8 30. Qe5 Rf5 31. Qd4 Qf7 32. Bc1 Rf3 33. Be3 Qf5 34. Qd2 Qf6 35. Bd4 Qf5 36. Be3 Qf6 37. Bd4 Qf5 38. Be3 1/2-1/2

[Event "72nd RUS-ch Higher League 2019"]
[Site "Yaroslavl"]
[Date "2019.07.05"]
[Round "8.22"]
[White "Triapishko, Alexandr"]
[Black "Mirzaev, Aziz"]
[Result "1-0"]
[ECO "A06"]
[WhiteElo "2512"]
[BlackElo "2433"]
[Annotator "ChessBase"]
[PlyCount "77"]
[EventDate "2019.06.27"]
[EventType "swiss"]
[EventCountry "RUS"]
[SourceTitle "playchess.com"]
[Source "ChessBase"]
[SourceQuality "1"]
[TimeControl "40/5400+30:1800+30"]

1. Nf3 d5 2. e3 Nf6 3. c4 g6 4. b4 Bg7 5. Bb2 O-O 6. cxd5 Nxd5 7. Bxg7 Kxg7 8. Qb3 c6 9. Nc3 Qd6 10. Bc4 Nxc3 11. Qxc3+ f6 12. a4 Bg4 13. Be2 e5 14. O-O Nd7 15. h3 Be6 16. d4 e4 17. Nd2 Bd5 18. b5 Rac8 19. Qb2 c5 20. Rac1 h5 21. Bc4 Rfd8 22. a5 b6 23. a6 Rc7 24. Nb3 Rdc8 25. dxc5 Nxc5 26. Rcd1 Na4 27. Qd2 Rxc4 28. Qxd5 Qe7 29. Rd4 Nb2 30. Rxc4 Rxc4 31. Nd4 Kh7 32. Nc6 Qc7 33. Qe6 Qg7 34. Qd6 Nd3 35. Qb8 Ne5 36. Nxa7 Qc7 37. Qxc7+ Rxc7 38. Nc6 Nxc6 39. Rc1 1-0

[Event "72nd RUS-ch Higher League 2019"]
[Site "Yaroslavl"]
[Date "2019.07.05"]
[Round "8.23"]
[White "Eraschenkov, Denis"]
[Black "Sadovsky, Artem"]
[Result "0-1"]
[ECO "A35"]
[WhiteElo "2379"]
[BlackElo "2416"]
[Annotator "NA"]
[PlyCount "112"]
[EventDate "2019.06.27"]
[EventType "swiss"]
[EventCountry "RUS"]
[SourceTitle "playchess.com"]
[Source "ChessBase"]
[SourceQuality "1"]
[TimeControl "40/5400+30:1800+30"]

1. c4 c5 2. Nc3 Nc6 3. Nf3 g6 4. e3 Bg7 5. d4 cxd4 6. exd4 d6 7. d5 Ne5 8. Nd4 Qb6 9. Nb3 Bg4 10. f3 Bd7 11. f4 Ng4 12. Qf3 a5 13. c5 dxc5 14. Nd2 N4h6 15. Nc4 Qd8 16. Ne5 Nf6 17. h3 Nf5 18. g4 Nd4 19. Qf2 O-O 20. Bg2 b5 21. Be3 b4 22. Bxd4 cxd4 23. Ne2 d3 24. Nd4 Be8 25. O-O Qd6 26. Ndc6 Kh8 27. Nc4 Qc7 28. Qc5 Bxc6 29. dxc6 Rfd8 30. Ne5 Kg8 31. Kh1 e6 32. Rad1 Nd5 33. Nxd3 Ra6 34. Rc1 Rd6 35. f5 Raxc6 36. Qb5 h6 37. fxe6 fxe6 38. Rxc6 Qxc6 39. Qxa5 Qc4 40. Qc5 Rc6 41. Qxc4 Rxc4 42. Bxd5 exd5 43. Rf4 Bf8 44. Kg2 Kg7 45. b3 Rc3 46. Nxb4 Bd6 47. Nxd5 Rd3 48. Nb4 Rd2+ 49. Rf2 Bxb4 50. Rxd2 Bxd2 51. Kf3 Kf6 52. h4 Ke5 53. a4 Kd4 54. Ke2 Ba5 55. Kf3 g5 56. hxg5 hxg5 0-1

[Event "72nd RUS-ch Higher League 2019"]
[Site "Yaroslavl"]
[Date "2019.07.05"]
[Round "8.25"]
[White "Galaktionov, Artem"]
[Black "Shimanov, Aleksandr"]
[Result "1-0"]
[ECO "A41"]
[WhiteElo "2371"]
[BlackElo "2615"]
[Annotator "RC"]
[PlyCount "85"]
[EventDate "2019.06.27"]
[EventType "swiss"]
[EventCountry "RUS"]
[SourceTitle "playchess.com"]
[Source "ChessBase"]
[SourceQuality "1"]
[TimeControl "40/5400+30:1800+30"]

1. d4 d6 2. Nf3 Nf6 3. c4 g6 4. Nc3 Bf5 5. h3 Ne4 6. Nxe4 Bxe4 7. Ng5 Bf5 8. g4 Bc8 9. Bg2 Bg7 10. Nf3 Nd7 11. Be3 e5 12. Qd2 h6 13. O-O-O Qe7 14. dxe5 dxe5 15. Qa5 c6 16. Nd2 O-O 17. Qc7 f5 18. gxf5 gxf5 19. Nb3 Qf7 20. Na5 e4 21. Bd4 Nf6 22. Qxf7+ Rxf7 23. f3 exf3 24. Bxf3 Be6 25. Rhg1 Kh7 26. Bc3 Rg8 27. Rd6 Bc8 28. Rxg7+ Kxg7 29. Bh5 Rgf8 30. Bxf7 Rxf7 31. Nb3 f4 32. Nd2 Bf5 33. h4 h5 34. a4 Rf8 35. a5 a6 36. Nf3 Kg6 37. Ng5 Kg7 38. Kd2 Kg6 39. Ke1 Bb1 40. Ne6 Rf7 41. Nd8 Rf8 42. Nxb7 Kf5 43. Rxf6+ 1-0

[Event "72nd RUS-ch Higher League 2019"]
[Site "Yaroslavl"]
[Date "2019.07.05"]
[Round "8.26"]
[White "Nozdrachev, Vladislav"]
[Black "Kanter, Eduard"]
[Result "1-0"]
[ECO "B70"]
[WhiteElo "2481"]
[BlackElo "2392"]
[Annotator "ChessBase"]
[PlyCount "74"]
[EventDate "2019.06.27"]
[EventType "swiss"]
[EventCountry "RUS"]
[SourceTitle "playchess.com"]
[Source "ChessBase"]
[SourceQuality "1"]
[TimeControl "40/5400+30:1800+30"]

1. e4 c5 2. Nf3 d6 3. d4 cxd4 4. Nxd4 Nf6 5. Nc3 g6 6. g3 Nc6 7. Nxc6 bxc6 8. Bg2 Nd7 9. b3 Bg7 10. Bb2 O-O 11. O-O Qa5 12. Qd2 Nb6 13. Rad1 Qh5 14. h4 Bg4 15. f3 Be6 16. Ba1 Qc5+ 17. Kh2 a5 18. f4 Bg4 19. Rde1 Rad8 20. Re3 e5 21. Rd3 exf4 22. Qxf4 Bc8 23. Rfd1 Ba6 24. Rxd6 Rxd6 25. Qxd6 Qe3 26. Qd2 Qc5 27. e5 Bxe5 28. Ne4 Qe7 29. Qxa5 Qxh4+ 30. Kg1 Bxg3 31. Nxg3 Qxg3 32. Qxb6 Be2 33. Rb1 f6 34. Qf2 Qg4 35. Re1 Ba6 36. Bxf6 c5 37. Qf4 Qd7 1-0

[Event "72nd RUS-ch Higher League 2019"]
[Site "Yaroslavl"]
[Date "2019.07.05"]
[Round "8.27"]
[White "Bigaliev, Renat"]
[Black "Samojlov, Anton"]
[Result "1-0"]
[ECO "B31"]
[WhiteElo "2427"]
[BlackElo "2350"]
[Annotator "NA"]
[PlyCount "97"]
[EventDate "2019.06.27"]
[EventType "swiss"]
[EventCountry "RUS"]
[SourceTitle "playchess.com"]
[Source "ChessBase"]
[SourceQuality "1"]
[TimeControl "40/5400+30:1800+30"]

1. e4 c5 2. Nf3 Nc6 3. Bb5 g6 4. Bxc6 dxc6 5. d3 Bg7 6. h3 Nh6 7. Nc3 f6 8. Be3 b6 9. O-O e5 10. Nh2 Nf7 11. f4 exf4 12. Bxf4 O-O 13. Nf3 f5 14. exf5 Bxf5 15. Qd2 Qd7 16. Rae1 Rae8 17. b3 g5 18. Bxg5 Rxe1 19. Rxe1 Bxh3 20. Re7 Qf5 21. Ne4 Nxg5 22. Nexg5 Bg4 23. Ne6 Rf7 24. Re8+ Bf8 25. Qh6 Qf6 26. Qxf6 Rxf6 27. Nxf8 Rxf8 28. Rxf8+ Kxf8 29. Ne5 Bd1 30. c4 Ke7 31. Nxc6+ Kd6 32. Nxa7 Bc2 33. Kf2 Bxd3 34. Ke3 Bf1 35. g3 Bh3 36. Kf4 Bd7 37. Nb5+ Ke6 38. Nc7+ Kd6 39. Nb5+ Ke6 40. Nc3 Bc6 41. Ne4 h6 42. Nc3 Kd6 43. Kf5 Be8 44. Ne4+ Kc6 45. Nf6 Bf7 46. Ng4 Bg8 47. Ne5+ Kd6 48. Kf6 h5 49. Nf7+ {[%emt 0:01:40] Kd5} 1-0